 Dungeon Crawl Stone Soup version 0.25.0-11-g1f837a76a1 (webtiles) character file.

Game seed: 25912228655739394

21 funkygono the Conjurer (level 2, -2/20 HPs)
             Began as a Draconian Conjurer on June 27, 2020.
             Slain by a crimson imp (3 damage)
             ... on level 2 of the Dungeon.
             The game lasted 00:04:20 (1473 turns).

funkygono the Conjurer (Draconian Conjurer)         Turns: 1473, Time: 00:04:21

Health: -2/20      AC:  4    Str: 10    XL:     2   Next: 65%
Magic:  1/5        EV: 12    Int: 15    God:
Gold:   35         SH:  0    Dex: 11    Spells: 2/5 levels left

rFire    . . .     SeeInvis .   d - +0 whip (curse)
rCold    . . .     Gourm    .   (no shield)
rNeg     . . .     Faith    .   (armour unavailable)
rPois    .         Spirit   .   (helmet restricted)
rElec    .         Reflect  .   (no cloak)
rCorr    .         Harm     .   (no gloves)
MR       .....                  (no boots)
Stlth    ++........             (no amulet)
HPRegen  0.06/turn              g - ring of wizardry
MPRegen  0.09/turn              (no ring)

@: no status effects
A: unfitting armour, cold-blooded, AC +4
a: no special abilities


You were on level 2 of the Dungeon.
You were hungry.

You visited 1 branch of the dungeon, and saw 2 of its levels.

You collected 35 gold pieces.

Inventory:

Hand Weapons
 d - a cursed +0 whip (weapon)
Jewellery
 g - a ring of wizardry (left hand)
Scrolls
 e - a scroll of magic mapping {unknown}
 h - 2 scrolls of teleportation
 i - a scroll of remove curse
Potions
 a - a potion of curing
 f - a potion of cancellation {unknown}
 j - a potion of heal wounds
 k - a potion of flight
Comestibles
 b - 3 rations
 c - a chunk of flesh


   Skills:
 + Level 1.8 Dodging
 + Level 1.8 Stealth
 + Level 2.1 Spellcasting
 + Level 4.6 Conjurations


You had 2 spell levels left.
You knew the following spells:

 Your Spells              Type           Power        Failure   Level  Hunger
a - Magic Dart            Conj           ###.         1%          1    #......
b - Searing Ray           Conj           ###...       1%          2    ###....

Your spell library contained the following spells:

 Spells                   Type           Power        Failure   Level  Hunger
 Dazzling Flash           Conj/Hex       #.....       11%         3    ###....
 Fulminant Prism          Conj/Hex       #.........   32%         4    #####..
 Iskenderun's Mystic Bla  Conj/Tloc      #.......     32%         4    #####..


Dungeon Overview and Level Annotations

Branches:
Dungeon (2/15)

Altars:


Innate Abilities, Weirdness & Mutations

Your plain brown scales are hard. (AC +4)
You cannot fit into any form of body armour.
You are cold-blooded and may be slowed by cold attacks.


Message History

Without enough magic to sustain it, your searing ray dissipates.
The crimson imp barely misses you.
You hit the crimson imp but do no damage.
You tail-slap the crimson imp.
The crimson imp is heavily wounded.
The crimson imp barely misses you.
You barely miss the crimson imp.
The crimson imp is heavily wounded.
The crimson imp barely misses you.
You hit the crimson imp.
The crimson imp is heavily wounded.
The crimson imp hits you but does no damage.
You barely miss the crimson imp.
The crimson imp is heavily wounded.
The crimson imp hits you.
* * * LOW HITPOINT WARNING * * *
You barely miss the crimson imp.
Your tail-slap misses the crimson imp.
The crimson imp is heavily wounded.
The crimson imp hits you.
You die...

##. ###########...
#...........# #...........#
#...........##
#.............
#..........## #...5@.....#
##..)..#########
g.###########.#.##.........
........................>..
..#.##.....##.#.....#.##.#
.. ##....##.####..# # ..
#....##รท#.....# .
#....##.#.###.# #....##.#.#
#...


You could see a crimson imp.

Vanquished Creatures
  A worm (D:2)
  A ball python (D:1)
  2 giant cockroaches
  A goblin (D:1)
  2 hobgoblins (D:1)
  2 kobolds
  3 bats
  3 frilled lizards
  3 rats
18 creatures vanquished.

Notes
Turn   | Place    | Note
-------+----------+-------------------------------------------
     0 | D:1      | funkygono the Draconian Conjurer began the quest for the
                  | Orb.
     0 | D:1      | Reached XP level 1. HP: 14/14 MP: 3/3
   437 | D:1      | Reached XP level 2. HP: 20/20 MP: 3/5
   450 | D:1      | Learned a level 2 spell: Searing Ray
  1319 | D:2      | Noticed a crimson imp
  1457 | D:2      | HP: 1/20 [crimson imp (3)]
  1472 | D:2      | HP: 1/20 [crimson imp (1)]
  1473 | D:2      | Slain by a crimson imp

Illustrated notes

Levels and vault maps discovered:
D:1:      minmay_arrival_cross, layout_basic
D:2:      layout_basic, first_ration

Action                   || total
-------------------------++-------
Melee: Unarmed           ||    67
       Tailslap          ||     6
       Whip              ||    30
 Cast: Magic Dart        ||    52
       Searing Ray       ||     2
  Use: Scroll            ||     6
  Eat: Chunk             ||     2
Armor: Skin              ||    27
Dodge: Dodged            ||    58
